 Dungeon Crawl Stone Soup version 0.13-a0-2477-geaae114 (webtiles) character file.

2457 4tharraofdagon the Thaumaturge (level 9, -1/77 HPs)
             Began as a Djinni Fire Elementalist on July 19, 2013.
             Was a Believer of Vehumet.
             Slain by a giant frog (6 damage)
             ... on Level 8 of the Dungeon.
             The game lasted 00:15:51 (4147 turns).

4tharraofdagon the Thaumaturge (DjFE)               Turns: 4147, Time: 00:15:52

HP  -1/77        AC  3     Str  8      XL: 9   Next: 18%
MP   0/0         EV 11     Int 19      God: Vehumet [**....]
Gold 143         SH  7     Dex 14      Spells:  4 memorised, 15 levels left

Res.Fire  : + + +   See Invis. : .   l - +1 dagger
Res.Cold  : x . .   Warding    : .   a - +0 robe (curse)
Life Prot.: + + +   Conserve   : .   q - +0 dwarf buckler
Res.Poison: .       Res.Corr.  : .   (no helmet)
Res.Elec. : .       Clarity    : .   (no cloak)
Sust.Abil.: . .     Spirit.Shd : .   m - +0 pair of gloves
Res.Mut.  : .       Stasis     : .   (boots unavailable)
Res.Rott. : .       Flight     : .   (no amulet)
Saprovore : . . .                    (no ring)
                                     n - +2,+6 ring of slaying

@: very slightly contaminated, slightly resistant to hostile enchantments,
unstealthy
A: no striking features
a: Renounce Religion


You were on level 8 of the Dungeon.
You worshipped Vehumet.
Vehumet was most pleased with you.
You were not hungry.

You visited 2 branches of the dungeon, and saw 9 of its levels.

You collected 123 gold pieces.

Inventory:

Hand weapons
 l - a +1,+1 dagger (weapon)
 o - the +2,+5 war axe of Dismay {elec, +Fly SInv Stlth-}
   (You found it on level 7 of the Dungeon)

   Occasionally, upon striking a foe, it will discharge some electrical energy
   and cause terrible harm.
   It enhances your eyesight.
   It lets you fly.
   It makes you much less stealthy.
 A - a +3,+1 halberd of dragon slaying
Armour
 a - a cursed +0 robe (worn)
 m - a +0 pair of gloves (worn)
 q - a +0 dwarven buckler (worn)
Magical devices
 t - a wand of draining (4)
 u - a wand of frost (20) {unknown}
 z - a wand of fire (3) {unknown}
Scrolls
 i - a scroll of random uselessness
 s - a scroll of teleportation
Jewellery
 n - a +2,+6 ring of slaying (left hand)
 x - an uncursed ring of teleportation
Potions
 d - a potion of cure mutation
 g - 2 potions of curing {unknown}
 j - a potion of brilliance
 p - a potion of restore abilities
 r - 3 potions of heal wounds {unknown}
 w - a potion of agility
Books
 b - a book of Flames

   Spells                             Type                      Level
   *Flame Tongue                      Conjuration/Fire             1
   Throw Flame                        Conjuration/Fire             2
   *Conjure Flame                     Conjuration/Fire             3
   Inner Flame                        Hexes/Fire                   3
   *Sticky Flame                      Conjuration/Fire             4
   *Fireball                          Conjuration/Fire             5


   Skills:
 - Level 1.7 Dodging
 - Level 1.5 Stealth
 * Level 10.3 Spellcasting
 + Level 7.5 Conjurations
 - Level 6.4 Fire Magic


You had 15 spell levels left.
You knew the following spells:

 Your Spells              Type           Power        Failure   Level  Hunger
a - Flame Tongue          Conj/Fire      #####        1%          1    None
b - Conjure Flame         Conj/Fire      #####...     1%          3    None
c - Sticky Flame          Conj/Fire      #####...     6%          4    ##.....
d - Fireball              Conj/Fire      #####.....   14%         5    ####...


Dungeon Overview and Level Annotations

Branches:
Dungeon (8/27)             Temple (1/1) D:5            Lair (0/8) D:8
    Orc: D:6-11

Altars:
Ashenzari
Elyvilon
Fedhas
Kikubaaqudgha
Makhleb
Nemelex Xobeh
Okawaru
Trog
Vehumet
Xom
Zin
the Shining One

Shops:
D:6: (

Annotations
D:2 Terence
D:8 exclusion: oklob plant


Message History

Press: ? - help, Shift-Dir - straight line, f - giant frog
Aim: a giant frog You miscast Sticky Flame.
You are very lightly contaminated with residual magic.
You are momentarily dazzled by a flash of light!
The giant frog hits you.
* * * LOW HITPOINT WARNING * * *
Unknown command.
Casting: Sticky Flame
Confirm with . or Enter, or press ? or * to list all spells.
Aiming: Sticky Flame
Press: ? - help, Shift-Dir - straight line, f/p - giant frog
Aim: a giant frog The sticky flame hits the giant frog.
The giant frog is moderately wounded.
The giant frog is covered in liquid flames!
The giant frog burns!
The giant frog hits you.
* * * LOW HITPOINT WARNING * * *
The giant frog hits you.
You die...

####******#########
....,,,,,.........#
#***************#)########## #
##### ##.[)......)###### # #...#
#....#####.......#
#######...######%.###...........#
...............#..#......####)..#
#######.######.#@##.........##..#
#.# #.#F#...###.....#..# #.#
#.#.#...#,..##..#... #.#
###.#%#...#.=..*..#...
#######.####....%#......[......#.
...................#,,#P.).#...#.
#####.#.####.......#,,##...#...#.
#.#.# #.......#,,,..#*#...#.
#####.#.# #.......#*,,,,,,...##.


You could see a giant frog (burning).

Vanquished Creatures
  A komodo dragon (D:8)
  A slime creature (D:8)
  A shadow (D:8)
  2 porcupines (D:8)
  A necrophage (D:5)
  Purgy (D:3)
  3 ogres
  An orc warrior (D:8)
  A centaur (D:7)
  3 giant slugs (D:8)
  3 wights (D:8)
  2 goliath beetles
  An iguana (D:8)
  8 worker ants
  2 orange rats (D:8)
  3 scorpions
  2 jellies
  4 adders
  4 gnolls (D:8)
  A green rat (D:8)
  3 giant mites
  5 giant geckos
  4 orcs
  2 giant cockroaches
  5 goblins
  8 hobgoblins
  2 kobolds
  3 quokkas (D:8)
  6 bats
  A giant gecko zombie (D:7)
  2 giant newts
  A hobgoblin skeleton (D:6)
  A hobgoblin zombie (D:8)
  3 jackals (D:8)
  A kobold zombie (D:8)
  A quokka zombie (D:8)
  6 rats
99 creatures vanquished.

Notes
Turn   | Place    | Note
--------------------------------------------------------------
     0 | D:1      | 4tharraofdagon, the Djinni Fire Elementalist, began the quest for the Orb.
     0 | D:1      | Reached XP level 1. HP: 14/14 MP: 0/0
   144 | D:2      | Noticed Terence
   146 | D:3      | Noticed Purgy
   193 | D:3      | Noticed an orc wizard
   321 | D:4      | Reached XP level 2. EP: 18/21
   352 | D:4      | Noticed a worker ant
   394 | D:5      | Entered Level 5 of the Dungeon
   394 | D:5      | Found a staircase to the Ecumenical Temple.
   400 | Temple   | Entered the Ecumenical Temple
   447 | Temple   | Became a worshipper of Vehumet
   562 | D:5      | Reached XP level 3. EP: 18/27
   567 | D:5      | Learned a level 3 spell: Conjure Flame
   671 | D:4      | Killed a worker ant
  1045 | D:4      | Noticed an ogre
  1106 | D:4      | Killed an ogre
  1106 | D:4      | Reached skill level 5 in Fire Magic
  1106 | D:4      | Reached XP level 4. EP: 9/36
  1106 | D:4      | Reached XP level 5. EP: 10/42
  1258 | D:4      | Learned a level 4 spell: Sticky Flame
  1289 | D:4      | Noticed a worker ant
  1399 | D:4      | Killed a worker ant
  1496 | D:3      | Killed Purgy
  1496 | D:3      | Reached XP level 6. EP: 34/50
  1688 | D:5      | Noticed a necrophage
  1696 | D:5      | Killed a necrophage
  1696 | D:5      | Reached skill level 5 in Spellcasting
  1696 | D:5      | Reached skill level 6 in Fire Magic
  1754 | D:5      | Acquired Vehumet's first power
  1754 | D:5      | Offered knowledge of Freeze by Vehumet.
  1871 | D:6      | Found Lysmaps' Antique Weapon Boutique.
  1915 | D:6      | Reached XP level 7. EP: 39/59
  2372 | D:7      | Got a brightly glowing war axe
  2373 | D:7      | Identified the war axe of Dismay {elec, +Fly SInv Stlth-} (You found it on level 7 of the Dungeon)
  2578 | D:8      | Reached skill level 5 in Conjurations
  2618 | D:8      | Noticed a shadow
  2624 | D:8      | Killed a shadow
  2624 | D:8      | Reached skill level 7 in Spellcasting
  2747 | D:8      | Reached XP level 8. EP: 51/67
  2945 | D:8      | Offered knowledge of Magic Dart by Vehumet.
  3148 | D:8      | Found a staircase to the Lair.
  3160 | D:8      | Reached skill level 8 in Spellcasting
  3592 | D:8      | Noticed a slime creature
  3592 | D:8      | Noticed an oklob plant
  3602 | D:8      | Killed a slime creature
  3602 | D:8      | Reached skill level 9 in Spellcasting
  3912 | D:8      | Learned a level 5 spell: Fireball
  3932 | D:8      | Reached XP level 9. EP: 61/76
  3988 | D:8      | Noticed a komodo dragon
  3998 | D:8      | Killed a komodo dragon
  3998 | D:8      | Reached skill level 10 in Spellcasting
  4147 | D:8      | Slain by a giant frog

Action                   |  1- 3 |  4- 6 |  7- 9 || total
-------------------------+-------+-------+-------++-------
Melee: Unarmed           |    15 |       |       ||    15
       Dagger            |       |     5 |    23 ||    28
 Cast: Flame Tongue      |    37 |    35 |    90 ||   162
       Conjure Flame     |     2 |     2 |    20 ||    24
       Sticky Flame      |       |     5 |    20 ||    25
Evoke: Wand              |       |     1 |       ||     1
  Use: Scroll            |     1 |       |    14 ||    15
